 Dungeon Crawl Stone Soup version 0.27.0-65-ge2af304b15 (webtiles) character file.

Game seed: 17235671530156661777

95 Crownlay the Chopper (level 4, -1/39 HPs)
             Began as a Hill Orc Fighter on Aug 18, 2021.
             Slain by a gnoll (3 damage)
             ... on level 2 of the Dungeon.
             The game lasted 00:02:14 (1697 turns).

Crownlay the Chopper (Hill Orc Fighter)             Turns: 1697, Time: 00:02:15

Health: -1/39      AC:  9    Str: 19    XL:     4   Next: 65%
Magic:  4/4        EV:  7    Int:  8    God:
Gold:   86         SH:  9    Dex: 10    Spells: 3/3 levels left

rFire    . . .     SeeInvis .   a - +0 war axe
rCold    . . .     Faith    .   c - +0 kite shield
rNeg     + . .     Spirit   .   b - +0 scale mail
rPois    .         Reflect  .   (no helmet)
rElec    .         Harm     .   m - +1 cloak
rCorr    .         Rampage  .   (no gloves)
Will     .....                  (no boots)
Stlth    ..........             (no amulet)
HPRegen  0.13/turn              f - ring of positive energy
MPRegen  0.09/turn              (no ring)

@: no status effects
A: no striking features
a: no special abilities


You were on level 2 of the Dungeon.
You visited 1 branch of the dungeon, and saw 2 of its levels.

You collected 86 gold pieces.

Inventory:

Hand Weapons
 a - a +0 war axe (weapon)
Armour
 b - a +0 scale mail (worn)
 c - a +0 kite shield (worn)
 m - a +1 cloak (worn)
Jewellery
 f - a ring of positive energy (left hand)
 j - a +6 ring of strength
 k - a +6 ring of strength
Scrolls
 e - a scroll of enchant armour {unknown}
 g - a scroll of fear {unknown}
 h - a scroll of acquirement {unknown}
 i - 2 scrolls of identify {unknown}
Potions
 d - a potion of might
 l - a potion of attraction {unknown}


   Skills:
 - Level 3.6 Fighting
 + Level 6.3 Axes
 - Level 3.2 Armour
 - Level 3.2 Shields


You had 3 spell levels left.
You didn't know any spells.
Your spell library was empty.

Dungeon Overview and Level Annotations

Branches:
Dungeon (2/15)

Altars:

Annotations:
D:2 Sigmund


Message History

You start putting on your armour.
You continue putting on your +1 cloak. x4
You finish putting on your +1 cloak.
A gnoll comes into view.
It is wielding a +0 flail. 2 gnolls come into view.
The gnoll shouts!
Sigmund the Dreaded comes into view.
He is wielding a +0 scythe.
The gnoll moves out of view.
Sigmund shouts!
Sigmund gestures wildly while chanting.
Sigmund flickers and vanishes!
Deactivating autopickup; reactivate with Ctrl-A.
The gnoll hits you with a +0 flail.
A gnoll comes into view. It is wielding a +0 spear.
The gnoll shouts!
You hit the gnoll.
The gnoll is heavily wounded.
The gnoll hits you with a +0 flail.
The gnoll moves out of view.
You slash the gnoll!
You kill the gnoll!
The gnoll hits you from afar with a +0 spear.
Your Axes skill increases to level 6!
The gnoll hits you but does no damage. Something hits you.
You see here a +0 flail.
You slash the gnoll!
You kill the gnoll!
The gnoll closely misses you. Something hits you but does no damage.
The gnoll hits you with a +0 spear. Something hits you!
* * * LOW HITPOINT WARNING * * *
You see here a +0 spear.
You are too injured to fight recklessly!
You are too injured to fight recklessly!
You are too injured to fight recklessly!
You are too injured to fight recklessly!
You are too injured to fight recklessly!
You hit the gnoll.
The gnoll is lightly wounded.
You closely miss something. The gnoll closely misses you. Something hits you.
* * * LOW HITPOINT WARNING * * *
The gnoll hits you with a +0 spear.
You die...

#.....#<..#.#..#.#.#.
#####.#..............
.#######................
........#####.......##..
#######.# ##......##..
#.# ####....... #.#
#######. #)######
#....... #@.....#
#.#####. #...g.g....#
#.... #..........# #.###
#..........# # #
............# #
..#####......# ...### .
+........ .......
#......## ....### ..


You could see 2 gnolls.

Vanquished Creatures
  Jessica (D:2)
  3 gnolls
  An adder (D:2)
  A worm (D:2)
  A dart slug (D:1)
  4 endoplasms
  A giant cockroach (D:1)
  2 hobgoblins (D:1)
  3 kobolds
  2 quokkas
  5 ball pythons
  2 bats
  3 rats (D:1)
29 creatures vanquished.

Notes
Turn   | Place    | Note
-------+----------+-------------------------------------------
     0 | D:1      | Crownlay the Hill Orc Fighter began the quest for the Orb.
     0 | D:1      | Reached XP level 1. HP: 19/19 MP: 1/1
    21 | D:1      | Reached skill level 3 in Axes
   201 | D:1      | Found a faded altar of an unknown god.
   228 | D:1      | Reached XP level 2. HP: 16/26 MP: 2/2
   477 | D:1      | Reached skill level 4 in Axes
   480 | D:1      | HP: 1/26 [hobgoblin (2)]
   484 | D:1      | Reached XP level 3. HP: 2/31 MP: 3/3
  1457 | D:2      | Noticed Jessica
  1462 | D:2      | Killed Jessica
  1463 | D:2      | Reached skill level 5 in Axes
  1463 | D:2      | Reached XP level 4. HP: 38/39 MP: 4/4
  1690 | D:2      | Noticed Sigmund
  1694 | D:2      | Reached skill level 6 in Axes
  1697 | D:2      | Slain by a gnoll

Illustrated notes

Levels and vault maps discovered:
D:1:      saegor_arrival_miasma, layout_basic,
          hellmonk_ecumenical_altar_lost_god, palyth_stone_intersect,
          feat_on_display
D:2:      layout_basic, uniq_crazy_yiuf_cottage, uniq_sigmund, uniq_jessica

Skill      XL: |  1  2  3  4 |
---------------+-------------+-----
Axes           | 3 4 5 6 |  6.3
Fighting       | |  3.6
Armour         | |  3.2
Shields        | |  3.2

Action                   |  1- 3 |  4- 6 || total
-------------------------+-------+-------++-------
Melee: War axe           |    58 |    20 ||    78
Armor: Scale mail        |    23 |    11 ||    34
Dodge: Dodged            |    10 |     7 ||    17
Block: Kite shield       |    26 |    11 ||    37
